 Dungeon Crawl Stone Soup version 0.18.1-51-gd549091e01 (webtiles) character file.

829 magog001 the Sneak (level 7, -2/49 HPs)
             Began as an Octopode Fighter on Aug 10, 2020.
             Slain by an orc wizard
             ... wielding a cursed +0 dagger
              (4 damage)
             ... on level 4 of the Dungeon.
             The game lasted 00:23:28 (4978 turns).

magog001 the Sneak (Octopode Fighter)               Turns: 4978, Time: 00:23:28

Health: -2/49      AC:  1    Str: 17    XL:     7   Next: 97%
Magic:  16/16      EV: 12    Int: 10    God:
Gold:   176        SH: 12    Dex: 12    Spells: 0 memorised, 6 levels left

rFire  x . .     SeeInvis .     e - +3 short sword (venom)
rCold  + . .     Gourm    .     b - +1 shield
rNeg   . . .     Faith    .     (helmet restricted)
rPois  .         Spirit   .     s - +2 amulet of reflection
rElec  .         Dismiss  .     h - ring of ice
rCorr  .         Reflect  +     j - ring of magical power
SustAt .         Harm     .     (no ring)
MR     .....                    (no ring)
Stlth  ++++......               (no ring)
                                (no ring)
                                (no ring)
                                (no ring)

@: about to teleport, not resistant to hostile enchantments, stealthy
A: almost no armour, amphibious, 8 rings, constrict 8, camouflage 1, gelatinous
body 1
a: no special abilities


You were on level 4 of the Dungeon.
You were not hungry.

You visited 1 branch of the dungeon, and saw 5 of its levels.
You also visited: Sewer.

You collected 176 gold pieces.

Inventory:

Hand Weapons
 e - a +3 short sword of venom (weapon)
 f - a +0 hunting sling
Missiles
 a - 45 sling bullets
Armour
 b - a +1 shield (worn)
Jewellery
 h - a ring of ice (left tentacle)
 j - a ring of magical power (right tentacle)
 s - a +2 amulet of reflection (around mantle)
Wands
 k - a wand of random effects (47/48)
Scrolls
 l - 2 scrolls of identify
 n - a scroll of blinking
 v - a scroll of recharging
Potions
 c - a potion of might
 p - a potion of resistance {unknown}
 q - a potion of haste {unknown}
 r - a potion of ambrosia {unknown}
 t - 2 potions of heal wounds {unknown}
 u - 3 potions of flight {unknown}
Comestibles
 d - 3 bread rations
 i - 3 meat rations
 m - 3 chunks of flesh


   Skills:
 * Level 4.9 Fighting
 * Level 3.2 Short Blades
   Level 2.0 Axes
 * Level 5.1 Dodging
 * Level 6.2 Stealth
 + Level 4.1 Shields


You had 6 spell levels left.
You didn't know any spells.

Dungeon Overview and Level Annotations

Branches:
Dungeon (5/15)             Temple (0/1) D:5

Altars:
Qazlal


Innate Abilities, Weirdness & Mutations

You cannot wear most types of armour.
You are amphibious.
You can wear up to eight rings at the same time.
You can use your tentacles to constrict eight enemies at once.
Your skin changes colour to match your surroundings (Stealth).
Your rubbery body absorbs attacks (AC +1).


Message History

You hit the orc wizard. Your grab misses the orc wizard.
The orc wizard is heavily wounded.
The orc wizard barely misses you. You block the adder's attack.
The orc closely misses you.
The giant cockroach completely misses you.
You block the orc's attack. The orc wizard hits you with a dagger.
* * * LOW HITPOINT WARNING * * *
The adder bites you but does no damage. The orc wizard barely misses you.
Some of the chunks of flesh in your inventory have rotted away.
Drink which item? (? for menu, Esc to quit)
You feel better. You block the orc's attack.
The giant cockroach closely misses you. The orc wizard casts a spell at you.
The magic dart hits you!
* * * LOW HITPOINT WARNING * * *
The orc hits you from afar with a trident!
* * * LOW HITPOINT WARNING * * *
The orc closely misses you. You block the adder's attack.
The orc wizard hits you with a dagger.
You die...

...............
..[.............
.................
....(.............
...................
.....oow...........
......oos..........
......S@...........
.......o...........
...................
....................
.....................
......................
.......................
........................
.......................


You could see 2 orc wizards, an adder, a dart slug, 3 orcs and a giant
cockroach.

Vanquished Creatures
  A phantom (D:5)
  A centaur (D:5)
  A big kobold (Sewer)
  A scorpion (D:5)
  2 howler monkeys
  2 crimson imps (D:5)
  A hound (D:4)
  2 orc priests
  Natasha (D:3)
  4 worker ants
  A river rat (Sewer)
  6 adders
  4 worms
  A dart slug (D:4)
  3 giant geckos
  6 orcs
  8 bats
  8 giant cockroaches
  5 goblins
  6 hobgoblins
  13 jackals
  9 kobolds
  2 quokkas
  2 ball pythons
  2 giant gecko skeletons
  4 giant newts
  A quokka skeleton (D:3)
  13 rats
110 creatures vanquished.

Notes
Turn   | Place    | Note
--------------------------------------------------------------
     0 | D:1      | magog001 the Octopode Fighter began the quest for the Orb.
     0 | D:1      | Reached XP level 1. HP: 16/16 MP: 1/1
   146 | D:1      | Reached XP level 2. HP: 21/21 MP: 1/2
   474 | D:1      | Reached skill level 1 in Stealth
   810 | D:1      | Reached XP level 3. HP: 23/26 MP: 3/3
   945 | D:2      | Reached skill level 1 in Short Blades
  1252 | D:2      | Reached XP level 4. HP: 26/32 MP: 4/4
  1983 | D:3      | Reached skill level 2 in Stealth
  2293 | D:3      | Found a stormy altar of Qazlal.
  2364 | D:3      | Noticed Natasha
  2372 | D:3      | Killed Natasha
  2372 | D:3      | Reached skill level 3 in Stealth
  2372 | D:3      | Reached XP level 5. HP: 27/37 MP: 5/5
  3272 | D:4      | Reached XP level 6. HP: 42/43 MP: 6/6
  3378 | D:4      | Reached skill level 4 in Stealth
  3832 | D:3      | You fall through a shaft for 2 floors!
  3832 | D:5      | Entered Level 5 of the Dungeon
  3832 | D:5      | Noticed a phantom
  3838 | D:5      | Found a staircase to the Ecumenical Temple.
  3908 | D:5      | Found a glowing drain.
  3917 | Sewer    | Entered a sewer
  4022 | Sewer    | Found a white marble altar of Elyvilon.
  4261 | D:5      | Reached XP level 7. HP: 49/49 MP: 7/7
  4313 | D:5      | Reached skill level 5 in Stealth
  4729 | D:5      | Reached skill level 5 in Dodging
  4729 | D:5      | Reached skill level 6 in Stealth
  4978 | D:4      | HP: 2/49 [orc/trident (8)]
  4978 | D:4      | Slain by an orc wizard

Skill      XL: |  1  2  3  4  5  6  7 |
---------------+----------------------+-----
Stealth        | 1 3 4 6 |  6.2
Short Blades   | 1 2 3 |  3.2
Fighting       | 4 |  4.9
Dodging        | 4 5 |  5.1
Shields        | 4 |  4.1
Axes           | |  2.0

Action                   |  1- 3 |  4- 6 |  7- 9 || total
-------------------------+-------+-------+-------++-------
Melee: Short sword       |    61 |    92 |    61 ||   214
       Constrict         |    17 |    24 |    12 ||    53
       Tentacles         |    10 |    19 |    14 ||    43
       Unarmed           |       |     4 |       ||     4
Evoke: Wand              |       |     1 |       ||     1
  Use: Scroll            |     4 |     6 |     1 ||    11
       Potion            |       |     2 |     1 ||     3
 Stab: Sleeping          |     2 |    10 |     1 ||    13
  Eat: Chunk             |     1 |     3 |       ||     4
       Meat ration       |       |     2 |       ||     2
Armor: Skin              |     6 |     6 |     1 ||    13
Dodge: Dodged            |    26 |    19 |    37 ||    82
Block: Shield            |    20 |    42 |    33 ||    95
       Reflection        |       |     2 |       ||     2
